 Dungeon Crawl Stone Soup version 0.30.0-19-g36f170ea60 (webtiles) character file.

Game seed: 16861447578682437588

258 monsoonserge the Cudgeller (level 6, -1/33 (36) HPs)
             Began as a Gargoyle Reaver on May 30, 2023.
             Slain by an orc
             ... wielding a +0 club
              (3 damage)
             ... on level 3 of the Dungeon.
             The game lasted 00:07:51 (1932 turns).

monsoonserge the Cudgeller (Gargoyle Reaver)        Turns: 1932, Time: 00:07:52

HP:   -1/33 (36)    AC: 15    Str: 15    XL:     6   Next: 16%
MP:   9/9           EV:  9    Int: 16    God:
Gold: 126           SH:  0    Dex:  8    Spells: 8/9 levels left

rFire   . . .        b - +1 halberd (freeze)
rCold   . . .        (shield currently unavailable)
rNeg    + . .        s - +1 scale mail {rPois}
rPois   ∞            (no helmet)
rElec   +            h - +1 cloak
rCorr   +            (no gloves)
SInv    .            r - +0 pair of boots
Will    .....        (no amulet) Stlth
                     q - ring of resist corrosion
HPRegen 0.25/turn    (no ring)
MPRegen 0.11/turn

%: no passive effects
@: drained
A: sickness immunity, AC +4, negative energy resistance 1, electricity
resistance, torment resistance 1, petrification resistance
a: no special abilities


You were on level 3 of the Dungeon.
You visited 1 branch of the dungeon, and saw 3 of its levels.

You collected 126 gold pieces.

Inventory:

Hand Weapons
 a - a +0 mace
 b - a +1 halberd of freezing (weapon)
Missiles
 c - 10 stones (quivered)
 n - 4 throwing nets
Armour
 d - a +0 chain mail
 h - a +1 cloak (worn)
 o - an orb of wrath
 r - a +0 pair of boots (worn)
 s - a +1 scale mail of poison resistance (worn)
Jewellery
 q - a ring of resist corrosion (left hand)
Scrolls
 f - a scroll of teleportation {unknown}
 g - a scroll of identify {unknown}
 i - a scroll of vulnerability {unknown}
 j - a scroll of fog {unknown}
Potions
 k - a potion of heal wounds {unknown}
 l - a potion of flight {unknown}
 m - a potion of curing {unknown}


   Skills:
 + Level 2.8 Fighting
 + Level 4.5 Maces & Flails
 * Level 2.8 Armour
 + Level 2.4 Dodging
 + Level 1.3 Stealth
 - Level 2.0 Spellcasting
 * Level 3.7 Conjurations
 - Level 1.0 Necromancy


You had 8 spell levels left.
You knew the following spells:

 Your Spells              Type           Power      Damage    Failure   Level
a - Kiss of Death         Conj/Necr      36%        2d8       30%         1

Your spell library contained the following spells:

 Spells                   Type           Power      Damage    Failure   Level
 Momentum Strike          Conj/Tloc      14%        3d8       50%         2
 Hailstorm                Conj/Ice       7%         3d4       73%         3
 Dispel Undead            Necr           4%         3d7       99%         4
 Animate Armour           Summ/Erth      2%         N/A       100%        4
 Blade Hands              Tmut           0%         N/A       100%        5
 Death Channel            Necr           2%         N/A       100%        6
 Iron Shot                Conj/Erth      3%         9d2       100%        6
 Cigotuvi's Dreadful Rot  Necr/Pois/Air  Unusable   N/A       N/A         2

Dungeon Overview and Level Annotations

Branches:
Dungeon (3/15)

Altars:


Innate Abilities, Weirdness & Mutations

You are immune to sickness and miasma.
Your stone body is resilient. (AC +4)
You are immune to poison.
You resist negative energy. (rN+)
You are resistant to electric shocks. (rElec)
You are resistant to unholy torment.
You are immune to petrification.


Message History

The orc throws a boomerang.
The boomerang hits you but does no damage.
The orc throws a boomerang.
The boomerang hits you but does no damage.
Things that are here:
a +0 flail; a +0 long sword; a gnoll corpse
There is a stone staircase leading down here.
Reach: b) +1 halberd (freeze)
Press: ? - help, Dir - move target, f - orc
Aim: an orc, wielding a +0 mace (about 56% to evade your +1 halberd of freezing)
You reach to attack!
You hit the orc. You freeze the orc.
You kill the orc!
Unknown command.
Throw: 12 stones
Press: ? - help, Q - select action, (/) - cycle Shift-Dir - straight line, f - orc
Aim: an orc, wielding a +0 short sword (54% to hit)
You throw a stone. The stone hits the orc.
The orc is lightly wounded.
Reach: b) +1 halberd (freeze)
Press: ? - help, Dir - move target, f/p - orc
Aim: an orc, wielding a +0 short sword (lightly wounded, about 56% to evade your +1 halberd of freezing)
You reach to attack!
You puncture the orc! You freeze the orc.
You kill the orc!
Unknown command.
Throw: 11 stones
Press: ? - help, Q - select action, (/) - cycle Shift-Dir - straight line, f - orc priest
Aim: an orc priest, wielding a +0 dagger and wearing a +0 leather armour (54% to hit)
You throw a stone.
The stone hits the orc priest but does no damage.
The orc priest invokes the aid of Beogh against you.
Beogh smites you!
Reach: b) +1 halberd (freeze)
Press: ? - help, Dir - move target, f - orc, p - orc priest
Aim: an orc, wielding a +0 club and wearing a +0 leather armour (about 56% to evade your +1 halberd of freezing)
You reach to attack!
You closely miss the orc.
The orc priest calls down the wrath of Beogh upon you.
Beogh smites you!
* * * LOW HITPOINT WARNING * * *
The orc hits you with a +0 club.
You die...

.## #.##.......# .###
####....#..##.# . ...##
###......##.##..# ..
##..#######...####.#)..w.## .#
........#..>### ##.#......##.#
..........#######..o)).....#.#
........### #....)o†........#
........# #...o#..........#
........# #..@...........###
........# #....#.........#..
........# ###...##.>.........#
.#..##### #................### #
.#÷## ###.#...##.........# ##.
...#######..................# #..
..###......#.#...##...†.....# #.#
#.###.#####..#...##...).†...# #)#
#..##.####..########.......####.#


You could see an orc priest, a dart slug and 2 orcs.

Vanquished Creatures
  A gnoll sergeant (D:3)
  A howler monkey (D:3)
  3 gnolls (D:3)
  4 adders
  4 worms
  7 orcs (D:3)
  An endoplasm (D:3)
  2 giant cockroaches (D:1)
  11 goblins
  11 hobgoblins
  8 jackals
  4 kobolds
  2 quokkas
  4 ball pythons
  5 bats
  3 rats
71 creatures vanquished.

Notes
Turn   | Place    | Note
-------+----------+-------------------------------------------
     0 | D:1      | monsoonserge the Gargoyle Reaver began the quest for the
                  | Orb.
     0 | D:1      | Reached XP level 1. HP: 12/12 MP: 3/3
   286 | D:1      | Reached XP level 2. HP: 17/17 MP: 5/5
   801 | D:2      | Reached skill level 1 in Stealth
   801 | D:2      | Reached XP level 3. HP: 14/19 MP: 4/6
   888 | D:2      | Reached skill level 1 in Armour
  1179 | D:2      | Reached XP level 4. HP: 16/26 MP: 7/7
  1530 | D:3      | Reached skill level 1 in Necromancy
  1652 | D:3      | Reached skill level 4 in Maces & Flails
  1652 | D:3      | Reached XP level 5. HP: 26/31 MP: 6/8
  1829 | D:3      | Reached XP level 6. HP: 36/36 MP: 9/9
  1932 | D:3      | Slain by an orc

Illustrated notes

Levels and vault maps discovered:
D:1:      grunt_arrival_lava_bath, layout_loops_ring, chequers_mini_garden,
          minivault_26, hangedman_decor_clover_reticule
D:2:      layout_rooms
D:3:      layout_rooms, minmay_goblin_outpost

Skill      XL: |  1  2  3  4 |
---------------+-------------+-----
Stealth        | 1 |  1.3
Dodging        | 2 |  2.4
Armour         | 1 2 |  2.8
Necromancy     | 1 |  1.0
Maces & Flails | 4 |  4.5
Fighting       | |  2.8
Spellcasting   | |  2.0
Conjurations   | |  3.7

Action                     |  1- 3 |  4- 6 || total
---------------------------+-------+-------++-------
  Melee: Mace              |   134 |   132 ||   266
         Punch             |     2 |       ||     2
         Halberd           |       |    12 ||    12
  Throw: Stone             |       |     2 ||     2
   Cast: Kiss of Death     |     1 |     2 ||     3
 Armour: Leather armour    |    71 |    67 ||   138
         Scale mail        |       |    18 ||    18
  Dodge: Dodged            |    74 |    99 ||   173
